 Dungeon Crawl Stone Soup version 0.28-a0-1334-g1c9ffb4daf (webtiles) character file.

Game seed: 885050311375249674

1161 Grim the Spear-Bearer (level 8, -2/53 (58) HPs)
             Began as a Formicid Fighter on Dec 28, 2021.
             Was an Initiate of Gozag.
             Slain by a wight (4 damage)
             ... on level 5 of the Dungeon.
             The game lasted 00:04:26 (4245 turns).

Grim the Spear-Bearer (Formicid Fighter)            Turns: 4245, Time: 00:04:28

HP:   -2/53 (58)    AC: 14    Str: 21    XL:     8   Next: 67%
MP:   8/8           EV:  7    Int: 10    God:    Gozag
Gold: 642           SH:  5    Dex: 16    Spells: 7/7 levels left

rFire   . . .      SeeInvis +   a - +0 trident
rCold   . . .      Faith    .   c - +0 buckler
rNeg    . . .      Spirit   .   z - +0 chain mail
rPois   .          Reflect  .   (helmet unavailable)
rElec   .          Harm     .   d - +0 cloak
rCorr   .          Rampage  .   (no gloves)
Will    .....                   (no boots)
Stlth   ..........              (no amulet)
HPRegen 0.17/turn               f - +6 ring of dexterity
MPRegen 0.11/turn               m - +4 ring of protection

@: drained
A: permanent stasis, dig shafts and tunnels, antennae 3, four strong arms
a: Dig, Shaft Self, Renounce Religion, Potion Petition, Call Merchant, Bribe
Branch


You were on level 5 of the Dungeon.
You worshipped Gozag.
Gozag was pleased with you.
You visited 1 branch of the dungeon, and saw 5 of its levels.

You collected 642 gold pieces.

Inventory:

Hand Weapons
 a - a +0 trident (weapon)
Missiles
 s - 2 silver javelins
 w - 13 poisoned darts
Armour
 b - a +0 scale mail
 c - a +0 buckler (worn)
 d - a +0 cloak (worn)
 z - a +0 chain mail (worn)
Jewellery
 f - a +6 ring of dexterity (left hand)
 m - a +4 ring of protection (right hand)
 r - a ring of protection from cold
 t - a +6 ring of dexterity
 y - a +6 ring of intelligence
Scrolls
 g - 2 scrolls of fear {unknown}
 h - a scroll of enchant armour {unknown}
 i - a scroll of amnesia {unknown}
 j - 4 scrolls of identify {unknown}
 l - 2 scrolls of immolation {unknown}
 o - 2 scrolls of teleportation {unknown}
 p - a scroll of silence {unknown}
Potions
 e - a potion of resistance {unknown}
 k - a potion of heal wounds {unknown}
 n - a potion of ambrosia {unknown}
 q - a potion of haste {unknown}
 u - a potion of attraction {unknown}
 v - 2 potions of brilliance {unknown}
 x - a potion of curing {unknown}


   Skills:
 - Level 3.2 Fighting
 + Level 10.0 Polearms
 - Level 3.2 Armour
 - Level 3.6 Shields


You had 7 spell levels left.
You didn't know any spells.
Your spell library contained the following spells:

 Spells                   Type           Power      Damage    Failure   Level
 Animate Skeleton         Necr           0%         N/A       98%         1
 Apportation              Tloc           0%         N/A       98%         1
 Summon Small Mammal      Summ           0%         N/A       98%         1
 Ensorcelled Hibernation  Hex/Ice        0%         N/A       99%         2
 Spider Form              Tmut/Pois      0%         N/A       100%        3


Dungeon Overview and Level Annotations

Branches:
Dungeon (5/15)             Temple (0/1) D:5

Altars:
Elyvilon
Gozag
Sif Muna
Yredelemnul


Innate Abilities, Weirdness & Mutations

You cannot be hasted, slowed, berserked, paralysed or teleported.
You can dig through walls and to a lower floor.
You have a pair of large antennae on your head. (SInv)
Your four strong arms can wield two-handed weapons with a shield.


Message History

You see here a +0 leather armour.
You open the door.
A wight comes into view. It is wielding a +5 flail.
A wight is nearby!
You barely miss the wight. The wight hits you with a +5 flail!
You puncture the wight!
The wight is heavily damaged.
You block the wight's attack.
You hit the wight.
The wight is almost destroyed.
You hit the wight but do no damage.
The wight is almost destroyed.
The wight hits you with a +5 flail.
You closely miss the wight.
The wight is severely damaged.
The wight hits you with a +5 flail.
You barely miss the wight.
The wight is severely damaged.
The wight hits you with a +5 flail!
* * * LOW HITPOINT WARNING * * *
You feel drained.
* * * LOW HITPOINT WARNING * * *
You barely miss the wight.
The wight is severely damaged.
The wight hits you but does no damage.
You barely miss the wight.
The wight is severely damaged.
You closely miss the wight.
The wight is severely damaged.
The wight hits you with a +5 flail!
* * * LOW HITPOINT WARNING * * *
You feel drained.
* * * LOW HITPOINT WARNING * * *
You hit the wight but do no damage.
The wight is severely damaged.
The wight hits you with a +5 flail!
* * * LOW HITPOINT WARNING * * *
You feel drained.
You die...
Your body crumbles into a pile of gold.

#......# #. #..)...#
#. #......# #.
##....## #.
#....####. $
############..... {
{#.#.#.#_# #.###.
#+#+#'#'#)#'####.#...
#...@........'...#.#.
#+#z#'#'#'#)###..#
{#.#.#.#.#.##8#.#
##############.# #.#
#.. #8> { .... . #.


You could see a wight.

Vanquished Creatures
  A sky beast (D:4)
  3 necrophages
  An ogre (D:5)
  A phantom (D:5)
  3 scorpions (D:5)
  2 wights (D:5)
  A bullfrog zombie (D:5)
  2 centaur zombies (D:5)
  A human zombie (D:5)
  3 hounds
  An iguana (D:4)
  3 adders
  4 gnolls (D:4)
  A white imp (D:5)
  An ufetubus (D:5)
  An adder skeleton (D:4)
  A dart slug (D:2)
  5 endoplasms
  A giant cockroach (D:1)
  6 goblins
  7 hobgoblins
  4 jackals (D:2)
  2 quokkas
  7 ball pythons
  3 bats
  2 frilled lizards
  2 kobolds (D:1)
  5 rats
74 creatures vanquished.

Notes
Turn   | Place    | Note
-------+----------+-------------------------------------------
     0 | D:1      | Grim the Formicid Fighter began the quest for the Orb.
     0 | D:1      | Reached XP level 1. HP: 18/18 MP: 1/1
   117 | D:1      | Reached XP level 2. HP: 24/24 MP: 2/2
   574 | D:1      | Reached skill level 3 in Polearms
   652 | D:1      | Found a faded altar of an unknown god.
   660 | D:1      | Prayed at the altar of an unknown god.
   660 | D:1      | Became a worshipper of Gozag Ym Sagoz the Greedy
  1083 | D:2      | Reached XP level 3. HP: 29/29 MP: 3/3
  1797 | D:3      | Reached skill level 4 in Polearms
  1797 | D:3      | Reached XP level 4. HP: 35/35 MP: 4/4
  1842 | D:3      | Noticed a necrophage
  1861 | D:3      | Killed a necrophage
  1862 | D:3      | Reached skill level 5 in Polearms
  1862 | D:3      | Reached XP level 5. HP: 27/41 MP: 5/5
  1998 | D:3      | Found a white marble altar of Elyvilon.
  2036 | D:3      | Found a shimmering blue altar of Sif Muna.
  2828 | D:4      | Noticed a sky beast
  2836 | D:4      | Killed a sky beast
  2837 | D:4      | Reached skill level 6 in Polearms
  2837 | D:4      | Reached XP level 6. HP: 47/47 MP: 6/6
  3437 | D:5      | Entered Level 5 of the Dungeon
  3450 | D:5      | Reached skill level 7 in Polearms
  3450 | D:5      | Reached XP level 7. HP: 49/52 MP: 7/7
  3622 | D:5      | Reached skill level 8 in Polearms
  3795 | D:5      | Reached XP level 8. HP: 56/58 MP: 8/8
  3958 | D:5      | Found a staircase to the Ecumenical Temple.
  4014 | D:5      | Found a basalt altar of Yredelemnul.
  4027 | D:5      | Reached skill level 9 in Polearms
  4232 | D:5      | Reached skill level 10 in Polearms
  4245 | D:5      | HP: 2/55 [wight (10)]
  4245 | D:5      | Slain by a wight

Illustrated notes

Levels and vault maps discovered:
D:1:      tarquinn_simple_flora_water_a, layout_loops_ring,
          nicolae_ecumenical_snake_handling, minmay_tree_intersection,
          patterned_corridor
D:2:      layout_basic
D:3:      layout_loops_cross, nicolae_overflow_crystal_walls,
          lemuel_doored_altar
D:4:      layout_layer_cave
D:5:      layout_basic, lemuel_mausoleum_altar_yredelemnul, temple_statues,
          serial_shops, nicolae_shop_advertising_works
          [nicolae_subvault_shop_adworks], hangedman_decor_slide_cut,
          uniq_blork_the_orc

Skill      XL: |  1  2  3  4  5  6  7  8 |
---------------+-------------------------+-----
Polearms       | 3 4 5 6 7 8 10 | 10.0
Fighting       | |  3.2
Armour         | |  3.2
Shields        | |  3.6

Action                   |  1- 3 |  4- 6 |  7- 9 || total
-------------------------+-------+-------+-------++-------
Melee: Trident           |   114 |    82 |   132 ||   328
 Abil: Dig               |     1 |       |       ||     1
  Use: Potion            |       |     1 |       ||     1
Armor: Scale mail        |    38 |    19 |    11 ||    68
       Chain mail        |       |       |    55 ||    55
Dodge: Dodged            |    41 |    26 |    19 ||    86
Block: Buckler           |    11 |    12 |    22 ||    45

Table legend: (Time is in decaauts)
 A = Elapsed time spent in this place.
 B = Non-inter-level travel time spent in this place.
 C = Inter-level travel time spent in this place.
 D = Time resting spent in this place.
 E = Time spent auto-exploring this place.
 F = Levels seen in this place.
 G = Mean time per level.
                   A        B        C        D        E       F      G
               +--------+--------+--------+--------+--------+-----+--------+
         Total |   4243 |   4084 |    159 |    356 |   3084 |   5 |  848.6 |
       Dungeon |   4243 |   4084 |    159 |    356 |   3084 |   5 |  848.6 |
               +--------+--------+--------+--------+--------+-----+--------+

Top non-repeatable levels by time:
     D:1: 1058 daAuts
     D:4: 938 daAuts
     D:5: 788 daAuts
     D:2: 748 daAuts
     D:3: 709 daAuts
